 Dungeon Crawl Stone Soup version 0.22.1-2-g9c5b331 (webtiles) character file.

682 Gearfox the Bolt Thrower (level 7, -5/40 HPs)
             Began as a Kobold Hunter on Dec 7, 2018.
             Slain by an iron imp (10 damage)
             ... summoned by Eustachio
             ... on level 4 of the Dungeon.
             The game lasted 00:26:27 (5085 turns).

Gearfox the Bolt Thrower (Kobold Hunter)            Turns: 5085, Time: 00:26:28

Health: -5/40      AC:  8    Str: 10      XL:     7   Next: 93%
Magic:  7/7        EV: 14    Int: 13      God:
Gold:   282        SH:  0    Dex: 15 (16) Spells: 6/6 levels left

rFire    . . .     SeeInvis .   b - +0 short sword
rCold    . . .     Gourm    .   (shield restricted)
rNeg     . . .     Faith    .   m - +0 ring mail {MR+}
rPois    .         Spirit   .   (no helmet)
rElec    .         Reflect  .   (no cloak)
rCorr    .         Harm     .   (no gloves)
MR       +....                  (no boots)
Stlth    +++.......             (no amulet)
HPRegen  0.13/turn              j - +3 ring of protection
MPRegen  0.10/turn              (no ring)

@: no status effects
A: small, carnivore
a: no special abilities


You were on level 4 of the Dungeon.
You were completely stuffed.

You visited 1 branch of the dungeon, and saw 4 of its levels.

You collected 282 gold pieces.

Inventory:

Hand Weapons
 a - a +1 hand crossbow
 b - a +0 short sword (weapon)
 h - a +0 hand axe of electrocution
 q - a +0 blowgun
Armour
 c - a +1 leather armour
 m - a +0 ring mail of magic resistance (worn)
Jewellery
 j - a +3 ring of protection (left hand)
Wands
 d - a wand of paralysis (1)
Scrolls
 g - a scroll of identify
 n - a scroll of remove curse
Potions
 e - 2 potions of haste
 i - a potion of agility
 k - a potion of magic
 p - a potion of brilliance
Comestibles
 f - 11 rations


   Skills:
 - Level 2.1 Fighting
 - Level 4.3 Short Blades
 - Level 7.0 Crossbows
 * Level 2.9 Throwing
 * Level 3.9 Dodging
 - Level 6.2 Stealth


You had 6 spell levels left.
You didn't know any spells.
Your spell library was empty.

Dungeon Overview and Level Annotations

Branches:
Dungeon (4/15)
 Temple: D:4-7

Altars:
Fedhas
Yredelemnul
Zin
Beogh

Annotations:
D:2 exclusion: oklob plant
D:4 Eustachio


Innate Abilities, Weirdness & Mutations

You are small and have problems with some larger weapons.
You are carnivorous and can eat meat at any time.


Message History

* * * LOW HITPOINT WARNING * * *
The quokka bites you but does no damage.
You hit the bat.
You kill the bat!
The bat's corpse disappears in a puff of smoke!
Natasha casts a spell at you. The magic dart hits you!
* * * LOW HITPOINT WARNING * * *
The quokka closely misses you. The iron imp barely misses you.
Unknown command.
Aiming: Paralyse
Press: ? - help, Shift-Dir - straight line, f/p - Natasha
Aim: Natasha (chance to defeat MR: 46%) Natasha suddenly stops moving!
The quokka barely misses you.
The helpless Natasha fails to defend herself.
You impale Natasha!!
You kill Natasha!
You hear a faint echoing roar filled with hate and sorrow!
The iron imp hits you!
You die...

.........................# #....
.........................####....
.#'####+#####....#####..(...(..##
.'...#......#....'(..#..((.....#
.#...#......#....#...#.........#
.###'######'#....#....(.5ยง.....#
...............###(.############
...............#.r(..#
...............#@5...#
...............#.[#.(#
#.....#'##############
#....>#............#
#....[#............#
#.....####'###..#..# ....###
#....####### ....# #....# ....#
#....#


You could see an iron imp and a quokka.

Vanquished Creatures
  A phantom (D:4)
  2 ogres (D:4)
  2 orc priests (D:3)
  2 orc wizards (D:4)
  Jessica (D:3)
  Natasha (twice) (D:4)
  Ijyb (D:3)
  A worker ant (D:4)
  A hound skeleton (D:4)
  4 gnolls (D:4)
  6 adders
  An ooze (D:4)
  3 leopard geckos
  6 orcs
  2 giant cockroaches
  3 goblins
  8 hobgoblins
  5 jackals
  A quokka (D:3)
  12 bats
  6 frilled lizards
  A jackal skeleton (D:4)
  9 kobolds
  A leopard gecko skeleton (D:4)
  11 rats
92 creatures vanquished.

Notes
Turn   | Place    | Note
-------+----------+-------------------------------------------
     0 | D:1      | Gearfox the Kobold Hunter began the quest for the Orb.
     0 | D:1      | Reached XP level 1. HP: 12/12 MP: 1/1
    25 | D:1      | Reached skill level 5 in Crossbows
    93 | D:1      | Reached XP level 2. HP: 17/17 MP: 2/2
   387 | D:1      | Reached XP level 3. HP: 21/21 MP: 3/3
  1244 | D:2      | Reached skill level 6 in Crossbows
  1478 | D:2      | Reached XP level 4. HP: 26/26 MP: 4/4
  1571 | D:2      | Found a blossoming altar of Fedhas.
  1586 | D:2      | Noticed an oklob plant
  2053 | D:3      | Noticed Jessica
  2059 | D:3      | Killed Jessica
  2260 | D:3      | Reached XP level 5. HP: 30/30 MP: 5/5
  2262 | D:3      | Reached skill level 7 in Crossbows
  2309 | D:3      | Found a roughly hewn altar of Beogh.
  2407 | D:3      | Noticed Ijyb
  2411 | D:3      | Paralysed by Ijyb for 2 turns
  2416 | D:3      | Killed Ijyb
  2416 | D:3      | Reached skill level 5 in Stealth
  2416 | D:3      | Reached XP level 6. HP: 35/35 MP: 6/6
  3174 | D:4      | Noticed a phantom
  3265 | D:4      | Noticed an ogre
  3291 | D:4      | Killed an ogre
  3291 | D:4      | Reached skill level 1 in Short Blades
  3574 | D:4      | Noticed an ogre
  3609 | D:4      | Killed an ogre
  3609 | D:4      | Reached XP level 7. HP: 9/40 MP: 7/7
  4129 | D:4      | Reached skill level 1 in Throwing
  4351 | D:4      | Noticed Natasha
  4400 | D:4      | Killed Natasha
  4699 | D:4      | Noticed Eustachio
  4860 | D:4      | Found a glowing silver altar of Zin.
  4915 | D:4      | Found a basalt altar of Yredelemnul.
  5070 | D:4      | Noticed Natasha
  5085 | D:4      | Killed Natasha
  5085 | D:4      | Slain by an iron imp

Skill      XL: |  1  2  3  4  5  6  7 |
---------------+----------------------+-----
Crossbows      | 5 6 7 |  7.0
Stealth        | 2 5 6 |  6.2
Short Blades   | 3 4 |  4.3
Dodging        | 3 |  3.9
Throwing       | 2 |  2.9
Fighting       | |  2.1

Action                   |  1- 3 |  4- 6 |  7- 9 || total
-------------------------+-------+-------+-------++-------
Melee: Hand crossbow     |     8 |     4 |       ||    12
       Short sword       |       |    68 |    48 ||   116
 Fire: Hand crossbow     |    77 |    49 |    19 ||   145
       Blowgun           |       |    13 |    54 ||    67
Evoke: Wand              |       |       |     2 ||     2
  Use: Scroll            |     8 |     3 |     6 ||    17
       Potion            |       |     1 |     1 ||     2
 Stab: Sleeping          |       |     3 |     2 ||     5
       Paralysed         |       |       |     1 ||     1
  Eat: Chunk             |    10 |     4 |     7 ||    21
Armor: Leather armour    |    10 |    37 |       ||    47
       Ring mail         |       |       |    62 ||    62
Dodge: Dodged            |    46 |   120 |   181 ||   347
